 Dungeon Crawl Stone Soup version 0.31-a0-1570-g93c622d222 (webtiles) character file.

Game seed: 2141020381928227285

2732 grandjackal the Fighter (level 9, -5/83 HPs)
             Began as a Ghoul Monk on Jan 3, 2024.
             Was a Believer of Kikubaaqudgha.
             Killed from afar by a gargoyle (15 damage)
             ... with a stone arrow
             ... on level 7 of the Dungeon.
             The game lasted 00:06:33 (4532 turns).

grandjackal the Fighter (Ghoul Monk)                Turns: 4532, Time: 00:06:34

Health: -5/83      AC: 14    Str: 15    XL:     9   Next: 67%
Magic:  9/9        EV: 11    Int: 13    God:    Kikubaaqudgha [**....]
Gold:   213        SH:  0    Dex: 11    Spells: 5/8 levels left

rFire   . .          .
                       - Unarmed
rCold   + . .        c - orb {light}
rNeg    + + +        s - +0 ring mail
rPois   ∞            r - +0 helmet
rElec   .            a - +2 cloak
rCorr   .            (no gloves)
SInv    .            u - +0 pair of boots
Will    .....        z - amulet of the acrobat Stlth
                     g - +4 ring of protection
HPRegen 0.00/turn    (no ring)
MPRegen 0.11/turn

%: acrobat
@: inhibited regen, glowing
A: claws 1, cold resistance 1, negative energy resistance 3, inhibited
regeneration, torment resistance 2, devour on kill
a: Renounce Religion, Unearth Wretches


You were on level 7 of the Dungeon.
You worshipped Kikubaaqudgha.
Kikubaaqudgha was pleased with you.
You visited 2 branches of the dungeon, and saw 8 of its levels.

You collected 411 gold pieces.
You spent 198 gold pieces at shops.

Inventory:

Missiles
 e - 2 throwing nets
Armour
 a - a +2 cloak (worn)
 c - an orb of light (worn)
 r - a +0 helmet (worn)
 s - a +0 ring mail (worn)
 u - a +0 pair of boots (worn)
Jewellery
 g - a +4 ring of protection (left claw)
 z - an amulet of the acrobat (around neck)
Wands
 y - a wand of flame (24)
 C - a wand of polymorph (7)
 E - a wand of roots (13)
Scrolls
 d - a scroll of summoning {unknown}
 h - 3 scrolls of enchant armour {unknown}
 i - 5 scrolls of identify {unknown}
 l - a scroll of revelation {unknown}
 n - 3 scrolls of teleportation {unknown}
 o - a scroll of silence {unknown}
 t - 3 scrolls of immolation {unknown}
 v - a scroll of blinking {unknown}
 w - a scroll of fog {unknown}
 x - a scroll of noise {unknown}
 B - 2 scrolls of fear {unknown}
Potions
 b - a potion of resistance
 f - 2 potions of attraction {unknown}
 j - 5 potions of curing
 k - 3 potions of brilliance {unknown}
 m - a potion of haste {unknown}
 p - a potion of berserk rage {unknown}
 q - 2 potions of enlightenment {unknown}
 A - a potion of cancellation {unknown}
 D - a potion of heal wounds


   Skills:
 + Level 9.3 Fighting
 - Level 4.0 Dodging
 + Level 9.2 Unarmed Combat
 + Level 5.5 Necromancy


You had 5 spell levels left.
You knew the following spells:

 Your Spells              Type           Power      Damage    Failure   Level
a - Vampiric Draining     Necr           14%        2d7       19%         3

Your spell library contained the following spells:

 Spells                   Type           Power      Damage    Failure   Level
 Necrotise                Necr           56%        1d6       6%          1
 Cigotuvi's Dreadful Rot  Necr/Alch/Air  8%         N/A       41%         2
 Sandblast                Erth           0%         2d4       52%         1
 Animate Dead             Necr           14%        N/A       54%         4
 Mercury Vapours          Alch/Air       0%         N/A       67%         2
 Inner Flame              Hex/Fire       0%         N/A       88%         3
 Mephitic Cloud           Conj/Alch/Air  0%         N/A       88%         3
 Animate Armour           Summ/Erth      0%         N/A       99%         4
 Freezing Cloud           Conj/Ice/Air   0%         6-21      100%        5
 Irradiate                Conj/Alch      0%         3d11      100%        5
 Malign Gateway           Summ/Tloc      0%         N/A       100%        7
 Ignition                 Fire           0%         3d3       100%        8
 Summon Horrible Things   Summ           0%         N/A       100%        8


Dungeon Overview and Level Annotations

Branches:
Dungeon (7/15)             Temple (1/1) D:5

Altars:
Ashenzari
Cheibriados
Fedhas
Gozag
Hepliaklqana
Kikubaaqudgha
Makhleb
Nemelex Xobeh
Okawaru
Qazlal
Ru
Sif Muna
Trog
Uskayaw
Vehumet
Wu Jian
Xom
Yredelemnul

Shops:
D:4 (   D:7 !(


Innate Abilities, Weirdness & Mutations

You are immune to poison.
You have sharp fingernails.
Your flesh is cold resistant. (rC+)
You are immune to negative energy. (rN+++)
You do not regenerate when monsters are visible.
You are immune to unholy pain and torment.
You thrive by killing the living.


Message History

The stone arrow misses you.
You scratch the gargoyle but do no damage.
The gargoyle is lightly damaged.
The gargoyle hits you with a +0 flail!
You scratch the gargoyle but do no damage.
The gargoyle is lightly damaged.
The gargoyle hurls a stone arrow at you.
The stone arrow hits you!!
You scratch the gargoyle but do no damage.
The gargoyle is lightly damaged.
You scratch the gargoyle.
The gargoyle is moderately damaged.
The gargoyle hurls a stone arrow at you.
The stone arrow hits you!
You claw the gargoyle!
The gargoyle is heavily damaged.
The gargoyle hits you but does no damage.
You scratch the gargoyle but do no damage.
The gargoyle is heavily damaged.
The gargoyle hits you but does no damage.
You scratch the gargoyle but do no damage.
The gargoyle is heavily damaged.
The gargoyle hits you with a +0 flail!
You scratch the gargoyle but do no damage.
The gargoyle is heavily damaged.
The gargoyle hits you with a +0 flail.
* * * LOW HITPOINT WARNING * * *
You claw the gargoyle!
The gargoyle is almost destroyed.
The gargoyle hurls a stone arrow at you.
The stone arrow hits you!
* * * LOW HITPOINT WARNING * * *
You scratch the gargoyle but do no damage.
The gargoyle is almost destroyed.
You barely miss the gargoyle.
The gargoyle is almost destroyed.
The gargoyle hurls a stone arrow at you.
The stone arrow hits you!
You die...
Kikubaaqudgha rasps: "You have failed me!
Welcome... oblivion!"

#..#+###### #..#.......
#......#### #.
#..........
###..#....######
....#..........
##...#..#.######
###9###.#.......##
##+.@##)#............
#+.....'###...######..
#......)#.#.......###.
#+.......)##........[#.
#....8....##...###.#.#)
#+.......'##........>..
#.......#)#......#..##
#+.....+###.#.##......
##...## #..#.##......


You could see a gargoyle.

Vanquished Creatures
  3 gargoyles (D:7)
  A wraith (D:6)
  Sigmund (D:4)
  Menkaure (D:6)
  A water moccasin (D:6)
  2 black bears (D:6)
  A centaur (D:6)
  Blork the orc (D:4)
  A bullfrog (D:7)
  3 scorpions
  3 wights (D:7)
  An orc priest (D:5)
  A bombardier beetle (D:4)
  2 hounds (D:5)
  A jelly (D:6)
  Crazy Yiuf (D:2)
  A sleepcap (D:6)
  Jessica (D:3)
  4 iguanas
  2 orc wizards (D:5)
  Robin (D:2)
  10 adders
  A shadow imp (D:6)
  2 dart slugs
  2 ribbon worms (D:2)
  14 orcs
  10 ball pythons
  6 endoplasms
  2 giant cockroaches
  12 hobgoblins
  6 jackals (D:2)
  3 quokkas
  5 bats
  2 frilled lizards
  19 goblins
  10 kobolds
  A rat (D:1)
138 creatures vanquished.

Notes
Turn   | Place    | Note
-------+----------+-------------------------------------------
     0 | D:1      | grandjackal the Ghoul Monk began the quest for the Orb.
     0 | D:1      | Reached XP level 1. HP: 19/19 MP: 1/1
   145 | D:1      | Reached XP level 2. HP: 26/26 MP: 2/2
   273 | D:1      | You fall into a shaft and drop 1 floor!
   318 | D:2      | Reached XP level 3. HP: 33/33 MP: 3/3
   465 | D:2      | Found a shimmering altar of Xom.
   718 | D:2      | Reached XP level 4. HP: 40/40 MP: 4/4
   910 | D:2      | Found a runed translucent door.
   911 | D:2      | Noticed Crazy Yiuf
  1007 | D:2      | Noticed Robin
  1104 | D:2      | Killed Robin
  1272 | D:2      | Killed Crazy Yiuf
  1273 | D:2      | Reached XP level 5. HP: 44/47 MP: 5/5
  1336 | D:3      | Got the Grimoire of Felsic Adjuration
  1418 | D:3      | Noticed Jessica
  1422 | D:3      | Killed Jessica
  1681 | D:3      | Found a faded altar of an unknown god.
  1824 | D:4      | Identified the +0 tower shield of the Big Bang {^Drain rN+
                  | Will+ Regen+}
  1902 | D:4      | Noticed Sigmund
  1908 | D:4      | Reached XP level 6. HP: 53/55 MP: 6/6
  1916 | D:4      | Killed Sigmund
  1917 | D:4      | Reached skill level 5 in Fighting
  1917 | D:4      | Reached skill level 5 in Unarmed Combat
  2095 | D:4      | Found a hazy altar of Hepliaklqana.
  2096 | D:4      | Noticed Blork the orc
  2107 | D:4      | Killed Blork the orc
  2108 | D:4      | Reached XP level 7. HP: 60/62 MP: 7/7
  2230 | D:4      | Found Tigouth's Antique Weapon Boutique.
  2817 | D:5      | Entered Level 5 of the Dungeon
  2841 | D:5      | Found a basalt altar of Yredelemnul.
  2932 | D:5      | Found a burning altar of Makhleb.
  3047 | D:5      | Found a staircase to the Ecumenical Temple.
  3058 | Temple   | Entered the Ecumenical Temple
  3062 | Temple   | Became a worshipper of Kikubaaqudgha
  3062 | Temple   | Reached * piety under Kikubaaqudgha
  3062 | Temple   | Received a gift from Kikubaaqudgha
  3062 | Temple   | Reached ** piety under Kikubaaqudgha
  3069 | Temple   | Learned a level 3 spell: Vampiric Draining
  3285 | D:6      | Found a shimmering altar of Xom.
  3359 | D:6      | Noticed Menkaure
  3368 | D:6      | Killed Menkaure
  3369 | D:6      | Reached skill level 1 in Necromancy
  3369 | D:6      | Reached XP level 8. HP: 72/73 MP: 8/8
  3566 | D:6      | Noticed a wraith
  3587 | D:6      | Killed a wraith
  3807 | D:6      | Found a sparkling altar of Nemelex Xobeh.
  4004 | D:7      | Found Kuebiozo's Distillery.
  4014 | D:7      | Bought a potion of resistance for 110 gold pieces
  4014 | D:7      | Bought a potion of curing for 33 gold pieces
  4014 | D:7      | Bought a potion of heal wounds for 55 gold pieces
  4035 | D:7      | Reached XP level 9. HP: 77/82 MP: 9/9
  4063 | D:7      | Found Upnuadgh's Antique Weapon Shop.
  4163 | D:7      | Noticed a gargoyle
  4170 | D:7      | Killed a gargoyle
  4261 | D:7      | Noticed a gargoyle
  4275 | D:7      | Killed a gargoyle
  4276 | D:7      | Reached skill level 5 in Necromancy
  4426 | D:7      | Noticed a gargoyle
  4432 | D:7      | Killed a gargoyle
  4519 | D:7      | Noticed a gargoyle
  4532 | D:7      | Killed from afar by a gargoyle

Illustrated notes

Levels and vault maps discovered:
D:1:      matt_arrival_refuge, layout_rooms
D:2:      cheibrodos_helix_gallery, layout_rooms, basic_altar,
          uniq_crazy_yiuf_cottage, uniq_robin
D:3:      layout_rooms, dreamdust_ecumenical_altar_sealed_demon,
          serial_park_tiny_2, minmay_cut_off, uniq_jessica
D:4:      nicolae_BIG_FREAKIN_CUBE, layout_layer_cave,
          mainiacjoe_overflow_concentric_impassable, serial_shops,
          nicolae_shop_trees, minmay_misc_feat_pillars, uniq_sigmund,
          uniq_blork_the_orc
D:5:      layout_rooms, grunt_temple_overflow_open, minmay_temple_entry_hall
D:6:      layout_rooms, mainiacjoe_overflow_chevrons, minmay_ruined_shrine,
          uniq_menkaure
D:7:      cheibrodos_statue_roulette, layout_basic, serial_shops,
          nicolae_shop_trees, nicolae_shop_rolling_square, nicolae_shop_stone,
          nicolae_hexahallways, minmay_between
Temple:   sentei_temple_godly_chess

Skill      XL: |  1  2  3  4  5  6  7  8  9 |
---------------+----------------------------+-----
Dodging        | 3 4 |  4.0
Fighting       | 4 5 7 8 9 |  9.3
Unarmed Combat | 4 5 7 8 9 |  9.2
Necromancy     | 1 4 5 |  5.5

Action                     |  1- 3 |  4- 6 |  7- 9 || total
---------------------------+-------+-------+-------++-------
  Melee: Unarmed           |    70 |   166 |   257 ||   493
    Use: Potion            |       |       |     1 ||     1
 Armour: Robe              |    29 |    53 |       ||    82
         Ring mail         |       |    48 |   187 ||   235
  Dodge: Dodged            |    41 |    82 |   137 ||   260

Table legend: (Time is in decaauts)
 A = Elapsed time spent in this place.
 B = Non-inter-level travel time spent in this place.
 C = Inter-level travel time spent in this place.
 D = Time resting spent in this place.
 E = Time spent auto-exploring this place.
 F = Levels seen in this place.
 G = Mean time per level.
                   A        B        C        D        E       F      G
               +--------+--------+--------+--------+--------+-----+--------+
         Total |   4512 |   4350 |    162 |    694 |   2606 |   8 |  564.0 |
       Dungeon |   4499 |   4337 |    162 |    694 |   2606 |   7 |  642.7 |
        Temple |     12 |     12 |      0 |      0 |      0 |   1 |   12.0 |
               +--------+--------+--------+--------+--------+-----+--------+

Top non-repeatable levels by time:
     D:4: 1016 daAuts
     D:2: 756 daAuts
     D:6: 753 daAuts
     D:1: 551 daAuts
     D:7: 532 daAuts
     D:3: 477 daAuts
     D:5: 411 daAuts
  Temple: 12 daAuts
